 Dungeon Crawl Stone Soup version 0.22-a0-775-ga7d80019b5 (webtiles) character file.

13027 PikkenKukken the Nimble (level 11, -17/151 HPs)
             Began as a Red Draconian Berserker on July 18, 2018.
             Was a High Priest of Trog.
             Demolished by an orc warlord
             ... wielding a +0 battleaxe
              (31 damage)
             ... in a bailey.
             The game lasted 00:34:48 (14346 turns).

PikkenKukken the Nimble (Red Draconian Berserker)  Turns: 14346, Time: 00:34:48

Health: -17/151    AC: 10    Str: 25    XL:     11   Next: 70%
Magic:  20/20      EV: 19    Int: 11    God:    Trog [*****.]
Gold:   554        SH:  0    Dex: 14    Spells: 10/10 levels left

rFire    + . .     SeeInvis .   a - +3 scimitar (freeze) (curse)
rCold    . . .     Gourm    +   (no shield)
rNeg     . . .     Faith    .   (armour unavailable)
rPois    .         Spirit   .   (helmet restricted)
rElec    .         Reflect  .   A - scarf {repulsion}
rCorr    .         Harm     .   g - +1 pair of gloves
MR       .....                  (no boots)
Stlth    ..........             s - amulet of the gourmand
HPRegen  0.35/turn              n - ring of magical power
MPRegen  0.17/turn              f - +2 ring of intelligence

@: berserking, flying, repel missiles, very quick
A: breathe fire, unfitting armour, big wings, clever 1, fire resistance 1,
shaggy fur 1, cold-blooded, AC +7
a: Breathe Fire, Stop Flying, Berserk, Trog's Hand, Brothers in Arms, Renounce
Religion


You were in a bailey.
You worshipped Trog.
Trog was extremely pleased with you.
You were very full.

You visited 1 branch of the dungeon, and saw 11 of its levels.
You also visited: Bailey.

You collected 554 gold pieces.

Inventory:

Hand Weapons
 a - a cursed +3 scimitar of freezing (weapon)
 b - a +0 arbalest
 j - a +0 falchion of holy wrath
Missiles
 k - 80 bolts
Armour
 g - a +1 pair of gloves (worn)
 A - a scarf of repulsion (worn)
Jewellery
 d - an uncursed ring of flight
 f - a +2 ring of intelligence (right hand)
 n - a ring of magical power (left hand)
 s - an amulet of the gourmand (around neck)
Wands
 m - a wand of clouds (3)
 o - a wand of acid (12)
 q - a wand of paralysis (14)
 v - a wand of iceblast (12)
Scrolls
 i - 7 scrolls of remove curse
 p - 8 scrolls of teleportation
 w - 3 scrolls of blinking
 x - a scroll of fog
 C - a scroll of acquirement
Potions
 c - 5 potions of brilliance
 h - 2 potions of ambrosia
 r - 4 potions of flight
 t - a potion of might
 u - 4 potions of heal wounds
 z - 6 potions of curing
 B - 3 potions of haste
 D - a potion of magic
Comestibles
 e - 18 rations
 l - 16 chunks of flesh


   Skills:
 + Level 10.9 Fighting
 + Level 10.0 Long Blades
 + Level 4.5 Crossbows
 + Level 11.5 Dodging


You had 10 spell levels left.
You didn't know any spells.
Your spell library was empty.

Dungeon Overview and Level Annotations

Branches:
Dungeon (11/15)            Temple (0/1) D:6            Lair (0/6) D:11
    Orc (0/2) D:9

Altars:
Cheibriados
Fedhas
Gozag
Kikubaaqudgha
Makhleb
Nemelex Xobeh
Trog
Xom
Beogh

Shops:
D:10 *

Portals:
Trove: D:10 (give 14 potions of curing)

Annotations:
D:4 3 runed doors, lis82's ghost, amateur DEAE


Innate Abilities, Weirdness & Mutations

You can breathe blasts of fire.
Your fiery red scales are hard. (AC +7)
You cannot fit into any form of body armour.
Your flesh is heat resistant. (rF+)
You are cold-blooded and may be slowed by cold attacks.
Your large and strong wings let you fly indefinitely.
Your mind is acute. (Int +2)
You are covered in fur. (AC +1)


Message History

The orc knight goes into a battle-frenzy!
The orc warrior hits you with a war axe!!
Unknown command.
You hit the orc warlord. You freeze the orc warlord.
The orc warlord is moderately wounded.
The orc warlord hits you with a battleaxe!!!
* * * LOW HITPOINT WARNING * * *
You slash the orc warlord! You freeze the orc warlord.
You tail-slap the orc warlord.
The orc warlord is heavily wounded.
Your skin stops crawling.
You feel less resistant to hostile enchantments.
The orc knight roars a battlecry!
The orc warrior misses you.
You slice the orc warlord!! You freeze the orc warlord!
The orc warlord is severely wounded.
You slice the orc warlord!! You freeze the orc warlord!
The orc warlord is almost dead.
The orc warlord hits you with a battleaxe!!
You die...

####### ##..∩..## #.......#
##.......## #.........#
##.........##
#######.....⌠.....######
##.....##o........##.....
#.......@oo.......)).....
##......)##o......##).....
#.........#.g.....#.......
##.........##88.88##.......
#.....⌠.....###o###.....⌠..
##.........## ..o###.......
#.........# go.g..#.......
##.......##..oo...##......
#.......#.........#......


You could see an orc warlord, 2 orc knights, an orc warrior, 2 orcs and a
goblin.

Vanquished Creatures
  3 two-headed ogres
  Sonja (D:10)
  2 gargoyles (D:10)
  A centaur skeleton (D:10)
  A troll (D:11)
  A hippogriff (D:11)
  A hornet (D:8)
  A vampire (D:10)
  A hungry ghost (D:10)
  A yak (D:8)
  3 hogs (D:8)
  A human (D:8)
  Menkaure (D:4)
  12 soldier ants
  9 orc warriors
  3 ice beasts
  A sky beast (D:10)
  A necrophage (D:8)
  2 wolves (D:11)
  2 ogres
  2 centaurs
  2 big kobolds
  7 bullfrogs
  A gnoll sergeant (D:5)
  A scorpion (D:9)
  11 killer bees
  4 wights
  4 crimson imps
  3 howler monkeys
  A quasit (D:10)
  2 centaur zombies (D:6)
  2 bullfrog skeletons
  5 hounds
  3 jellies
  8 orc priests
  3 iguanas
  9 orc wizards
  Ijyb (D:5)
  33 worker ants
  2 hound skeletons
  A mummy (D:6)
  15 gnolls
  13 adders
  2 shadow imps
  An ooze (D:4)
  An adder zombie (D:9)
  2 worms
  5 dart slugs
  A leopard gecko (D:6)
  68 orcs
  4 giant cockroaches
  29 goblins
  19 hobgoblins
  15 jackals
  2 quokkas (D:3)
  7 bats
  4 frilled lizards
  15 kobolds
  2 rats (D:3)
358 creatures vanquished.

Vanquished Creatures (collateral kills)
  A queen ant (D:8)
  Eustachio (D:6)
  4 soldier ants (D:8)
  3 orc warriors
  An ice beast (D:9)
  A black bear (D:6)
  3 killer bees (D:10)
  A crimson imp (D:6)
  An orc priest (D:9)
  An adder zombie (D:9)
  5 orcs (D:9)
22 creatures vanquished.

Vanquished Creatures (others)
  A human (D:5)
1 creature vanquished.

Grand Total: 381 creatures vanquished

Notes
Turn   | Place    | Note
-------+----------+-------------------------------------------
     0 | D:1      | PikkenKukken the Draconian Berserker began the quest for the Orb.
     0 | D:1      | Reached XP level 1. HP: 19/19 MP: 1/1
   224 | D:1      | Reached XP level 2. HP: 26/26 MP: 2/2
   605 | D:2      | Reached skill level 3 in Dodging
   834 | D:2      | Reached XP level 3. HP: 25/33 MP: 3/3
  1209 | D:2      | Reached ** piety under Trog
  1363 | D:2      | Found a faded altar of an unknown god.
  1455 | D:2      | Reached XP level 4. HP: 29/40 MP: 4/4
  1918 | D:3      | Reached skill level 4 in Dodging
  2027 | D:3      | Reached XP level 5. HP: 37/46 MP: 5/5
  2532 | D:3      | Reached *** piety under Trog
  2895 | D:3      | Reached XP level 6. HP: 52/53 MP: 6/6
  3338 | D:4      | Found an opulent altar of Gozag.
  3389 | D:4      | Reached skill level 5 in Dodging
  3480 | D:4      | Noticed Menkaure
  3487 | D:4      | Killed Menkaure
  3487 | D:4      | Reached skill level 5 in Fighting
  3605 | D:4      | Found a runed gate.
  3606 | D:4      | Noticed an orc warrior
  3611 | D:4      | Found a runed gate.
  3611 | D:4      | Found a runed gate.
  3612 | D:4      | Noticed lis82's ghost (amateur DEAE)
  3630 | D:4      | Your scales start taking on a fiery red colour.
  3630 | D:4      | Reached XP level 7. HP: 56/61 MP: 7/7
  3630 | D:4      | Gained mutation: Your flesh is heat resistant. (rF+) [Red Draconian growth]
  3991 | D:4      | Reached skill level 5 in Long Blades
  4553 | D:4      | Reached skill level 6 in Dodging
  4606 | D:4      | Found a shimmering altar of Xom.
  4607 | D:4      | Found a burning altar of Makhleb.
  4739 | D:4      | Found a roughly hewn altar of Beogh.
  4779 | D:5      | Entered Level 5 of the Dungeon
  4850 | D:5      | Found an ancient bone altar of Kikubaaqudgha.
  4850 | D:5      | Noticed a human
  4853 | D:5      | Killed a human
  4865 | D:5      | Reached **** piety under Trog
  4871 | D:5      | Noticed Ijyb
  4882 | D:5      | Killed Ijyb
  4949 | D:5      | Reached XP level 8. HP: 70/70 MP: 8/8
  5285 | D:5      | Found a sparkling altar of Nemelex Xobeh.
  5300 | D:5      | Paralysed by a gnoll sergeant for 4 turns
  5316 | D:5      | Reached skill level 7 in Dodging
  5946 | D:6      | Found a staircase to the Ecumenical Temple.
  6413 | D:6      | Noticed Eustachio
  6437 | D:6      | Killed Eustachio
  6437 | D:6      | Reached skill level 8 in Dodging
  6910 | D:6      | Found a snail-covered altar of Cheibriados.
  7158 | D:6      | Reached XP level 9. HP: 79/79 MP: 9/9
  7493 | D:7      | Found a sparkling altar of Nemelex Xobeh.
  8044 | D:8      | Reached ***** piety under Trog
  8622 | D:8      | Noticed a queen ant
  8639 | D:8      | Killed a queen ant
  8639 | D:8      | Reached skill level 9 in Dodging
  8837 | D:7      | Reached XP level 10. HP: 83/90 MP: 10/10
  9250 | D:7      | Reached skill level 10 in Dodging
 10734 | D:8      | Identified a scroll of acquirement
 10737 | D:8      | Got a slimy great sword
 10738 | D:8      | Identified the +3 great sword of Ybbaxkamug {pain, *Contam Str+8} (You acquired it on level 8 of the Dungeon)
 10795 | D:9      | Gained mutation: Scrolls take you a little longer to read. [mutagenic glow]
 10813 | D:9      | Found a blossoming altar of Fedhas.
 11119 | D:9      | Found a roughly hewn altar of Beogh.
 11119 | D:9      | Found a staircase to the Orcish Mines.
 11126 | D:9      | Noticed a two-headed ogre
 11134 | D:9      | Reached skill level 1 in Crossbows
 11164 | D:9      | Killed a two-headed ogre
 11164 | D:9      | Received a gift from Trog
 12022 | D:9      | Noticed a two-headed ogre
 12029 | D:9      | Killed a two-headed ogre
 12029 | D:9      | Reached skill level 10 in Fighting
 12029 | D:9      | Reached skill level 11 in Dodging
 12029 | D:9      | Reached XP level 11. HP: 99/99 MP: 11/11
 12175 | D:9      | Found a bloodstained altar of Trog.
 12347 | D:10     | Entered Level 10 of the Dungeon
 12901 | D:10     | Noticed a two-headed ogre
 12915 | D:10     | Killed a two-headed ogre
 13033 | D:10     | Lost mutation: Scrolls take you a little longer to read. [potion of mutation]
 13033 | D:10     | Gained mutation: You are clumsy. (Dex -2) [potion of mutation]
 13033 | D:10     | Gained mutation: You are frail. (-10% HP) [potion of mutation]
 13033 | D:10     | Gained mutation: You are covered in fur. (AC +1) [potion of mutation]
 13034 | D:10     | Lost mutation: You are clumsy. (Dex -2) [potion of mutation]
 13034 | D:10     | Lost mutation: You are frail. (-10% HP) [potion of mutation]
 13034 | D:10     | Gained mutation: Your mind is acute. (Int +2) [potion of mutation]
 13034 | D:10     | Gained mutation: Your large and strong wings let you fly indefinitely. [potion of mutation]
 13180 | D:10     | Found Larghorow's Assorted Antiques.
 13249 | D:10     | Noticed Sonja
 13259 | D:10     | Killed Sonja
 13479 | D:10     | Found a portal to a secret trove of treasure.
 13782 | D:11     | Found a flagged portal.
 13826 | Bailey   | Entered a bailey
 14103 | Bailey   | Reached skill level 10 in Long Blades
 14283 | Bailey   | Received a gift from Trog
 14312 | Bailey   | Noticed an orc knight
 14312 | Bailey   | Noticed an orc warlord
 14313 | Bailey   | Noticed an orc knight
 14346 | Bailey   | Demolished by an orc warlord

Vault maps used:
D:1:      lightli_arrival_lavapool, minmay_misc_feat_doors
D:2:      first_ration, chequers_ecumenical_altar_twisty
D:3:      cheibrodos_old_hovel
D:4:      grunt_temple_overflow_champion_of_chaos, biasface_ghost_orc_armoury,
          nicolae_gozag_seed_capital, uniq_menkaure
D:5:      nemelex_xobeh_ov_fountains_minmay, tgw_kikubaaqudgha, uniq_ijyb
D:6:      slow_altar_2, minmay_temple_entry_glass, bh_walls_and_bars,
          uniq_eustachio
D:7:      nemelex_diamond_rough_becter
D:8:      grunt_livestock, zaba_anthell
D:9:      lemuel_flame_loot_2, kennysheep_mini, david_orc_5, basic_altar
D:10:     enter_trove_2, serial_shops, shop_statue, minmay_misc_feat_alley,
          uniq_sonja
D:11:     erik_lair_island, enter_bailey_2, basic_altar
Bailey:   bailey_axe_minmay_hex_keep, bailey

Skill      XL: |  1  2  3  4  5  6  7  8  9 10 11 |
---------------+----------------------------------+-----
Dodging        | 3 4 5 6 8 9 11 | 11.5
Fighting       | 4 5 6 7 8 10 | 10.9
Long Blades    | 4 5 6 7 9 10 | 10.0
Crossbows      | 2 4 |  4.5

Action                   |  1- 3 |  4- 6 |  7- 9 | 10-12 || total
-------------------------+-------+-------+-------+-------++-------
Melee: Falchion          |    77 |   173 |   433 |   179 ||   862
       Tailslap          |    11 |    23 |    95 |   104 ||   233
       Long sword        |       |       |       |   130 ||   130
       Scimitar          |       |       |       |   194 ||   194
 Fire: Hand crossbow     |       |       |       |     1 ||     1
       Arbalest          |       |       |       |     6 ||     6
Invok: Berserk           |     1 |     4 |    14 |    14 ||    33
       Brothers in Arms  |       |       |     3 |     3 ||     6
       Trog's Hand       |       |       |     2 |     1 ||     3
 Abil: Breathe Fire      |       |       |     2 |     3 ||     5
       Fly               |       |       |       |     1 ||     1
  Use: Scroll            |     1 |     7 |     4 |    14 ||    26
       Potion            |       |       |     2 |     3 ||     5
 Stab: Distracted        |     1 |       |       |       ||     1
       Sleeping          |       |       |     1 |     2 ||     3
  Eat: Chunk             |     3 |    10 |    29 |    41 ||    83
       Ration            |       |       |     3 |     1 ||     4
Armor: Skin              |    28 |    61 |   104 |    90 ||   283
Dodge: Dodged            |    50 |   156 |   335 |   474 ||  1015
       Deflected         |       |       |       |     1 ||     1
       Rpst.: Falchion   |    16 |    55 |   103 |    58 ||   232
       Long sword        |       |       |       |    32 ||    32
       Scimitar          |       |       |       |    57 ||    57

Table legend:
 A = Spawn XP
 B = Non-spawn XP
 C = Spawn XP percentage of total XP
 D = Spawn monster count
 E = Non-spawn monster count
 F = Spawn count percentage of total count
 G = Total turns spent on level
                    A         B        C        D         E        F      G
               +---------+---------+-------+---------+---------+-------+---------
         Total |       0 |   18610 |   0.0 |       0 |     380 |   0.0 | 14346
               +---------+---------+-------+---------+---------+-------+---------
           D:1 |       0 |      18 |   0.0 |       0 |       8 |   0.0 |   532
           D:2 |       0 |     150 |   0.0 |       0 |      26 |   0.0 |  1381
           D:3 |       0 |     212 |   0.0 |       0 |      37 |   0.0 |  1261
           D:4 |       0 |     739 |   0.0 |       0 |      33 |   0.0 |  1605
           D:5 |       0 |     729 |   0.0 |       0 |      26 |   0.0 |  1291
           D:6 |       0 |     999 |   0.0 |       0 |      21 |   0.0 |  1126
           D:7 |       0 |    1227 |   0.0 |       0 |      28 |   0.0 |  1915
           D:8 |       0 |    4572 |   0.0 |       0 |      59 |   0.0 |  1664
           D:9 |       0 |    3089 |   0.0 |       0 |      41 |   0.0 |  1807
          D:10 |       0 |    4833 |   0.0 |       0 |      34 |   0.0 |  1115
          D:11 |       0 |    1151 |   0.0 |       0 |      10 |   0.0 |   129
        Bailey |       0 |     891 |   0.0 |       0 |      57 |   0.0 |   520
               +---------+---------+-------+---------+---------+-------+---------
